 Dungeon Sprint DCSS version 0.29.1-15-g9cfb28693d (webtiles) character file.

Game seed: 15211950719711739105

2900000 Ast3rio the Intangible (level 18, -14/167 HPs)
             Began as a Djinni Gladiator on Mar 23, 2023.
             Was a High Priest of Makhleb.
             Demolished by a bag of meat
             ... wielding a +9 war axe
              (35 damage)
             ... in the Dungeon (Sprint VIII: "Arena of Blood").
             The game lasted 00:01:39 (29 turns).

Ast3rio the Intangible (Djinni Gladiator)             Turns: 29, Time: 00:01:40

Health: -14/167    AC:  5    Str: 13    XL:     18   Next: 95%
Gold:   0          EV: 26    Int: 18    God:    Makhleb [*****.] SH:  0 Dex: 15

rFire   + + .      SeeInvis .   k - +∞ Axe of Woe
rCold   x . .      Faith    .   (shield currently unavailable)
rNeg    . . .      Spirit   .   b - +0 leather armour
rPois   ∞          Reflect  .   c - +0 helmet
rElec   .          Harm     .   (no cloak)
rCorr   .          Rampage  .   (no gloves)
Will    +....      NoTele   +   (boots unavailable)
Stlth   +.........              (no amulet)
HPRegen 0.37/turn               (no ring)
MPRegen 0.00/turn               (no ring)

@: flying
A: sickness immunity, fire resistance 2, cold vulnerability 1, float, innate
caster, HP casting, extra vitality 1
a: Renounce Religion, Minor Destruction, Lesser Servant of Makhleb, Major
Destruction, Greater Servant of Makhleb


You were in the Dungeon.
You worshipped Makhleb.
Makhleb was extremely pleased with you.
You visited 1 branch

Inventory:

Hand Weapons
 a - a +0 war axe
 k - the +∞ Axe of Woe (weapon)
   (You found it in the Dungeon)
Missiles
 d - 3 throwing nets (quivered)
 e - a javelin
Armour
 b - a +0 leather armour (worn)
 c - a +0 helmet (worn)
Scrolls
 j - a scroll of blinking
Potions
 f - a potion of curing
 g - a potion of heal wounds
 h - a potion of haste
 i - a potion of berserk rage


   Skills:
 O Level 27 Fighting
 O Level 27 Axes
 + Level 26.1 Throwing
 + Level 9.4 Armour
 O Level 27 Dodging
 + Level 7.0 Spellcasting


You couldn't memorise any spells.
You knew the following spells:

 Your Spells              Type           Power      Damage    Failure   Level
a - Freeze                Ice            100%       1d11      1%          1
b - Passwall              Tmut/Erth      25%        N/A       1%          2
c - Call Imp              Summ           31%        N/A       1%          2
d - Sticky Flame          Conj/Fire      31%        2d5       7%          4
e - Iskenderun's Battles  Conj           31%        2d8       21%         5
f - Alistair's Intoxicat  Tmut/Pois      20%        N/A       21%         5
g - Statue Form           Tmut/Erth      20%        N/A       73%         6
h - Ozocubu's Refrigerat  Ice            15%        4d10      99%         7
Your spell library was empty.

Dungeon Overview and Level Annotations

Branches:
Dungeon (1/1)

Altars:
Makhleb


Innate Abilities, Weirdness & Mutations

You are immune to sickness and miasma.
You are immune to poison.
Your flesh is very heat resistant. (rF++)
You are vulnerable to cold. (rC-)
You float through the air rather than walking.
You learn spells naturally, not from books.
Your magical power is your life essence.
You have superior vitality. (+4 MHP)


Message History

A destroyer comes into view. It is wielding a +9 vorpal great sword.
You hear a shout! x8; You hear two shouts!
You have mastered Fighting!
Your Throwing skill gained 4 levels and is now at level 21!
Your Armour skill gained 2 levels and is now at level 7!
Your Spellcasting skill gained 2 levels and is now at level 5!
You have reached level 18!
You slice the meat berserker!!
You dissect the meat berserker like a pig carcass.
You kill the meat berserker!
Makhleb accepts your kill.
You can now summon a greater servant of Makhleb.
You feel better.
You hear a shout! x2
The meat berserker rages.
You hear a shout! x4
Your Throwing skill gained 3 levels and is now at level 24!
Your Armour skill increases to level 8!
Your Spellcasting skill increases to level 6!
You slice the meat berserker!!
You pulverise the meat berserker into a thin bloody mist.
You kill the meat berserker!
Makhleb accepts your kill.
You feel better.
You hear a shout! x7
A meat berserker comes into view. It is wielding a +9 battleaxe.
Your Throwing skill gained 2 levels and is now at level 26!
Your Armour skill increases to level 9!
Your Spellcasting skill increases to level 7!
You hear a shout! x10
The destroyer gestures at you while chanting.
The destroyer blinks!
You hear two shouts!
You hear a shout!
Items here: ))))) ===== †††.
You hear a shout! x2
The large bag of meat hits you with a +9 giant spiked club!!!
The large bag of meat hits you with a +9 giant spiked club!!!!
* * * LOW HITPOINT WARNING * * *
The bag of meat hits you with a +9 war axe!!
You die...

#.. ..# #.. ..#
.###O. ..###.
......###......
....._..... .
#.....# . ...
#V.<)_# ...
.....#).))o#.....
....o.)o@O.......
....o.O###o......
..###.. ..###.. .
#.. ..# . #.. ..#
... O.. .... o...
o... ....


You could see a destroyer, 2 large bags of meat, a meat berserker (berserk) and
5 bags of meat.

Vanquished Creatures
  10 ogres (D)
  7 orcs (D)
17 creatures vanquished.

Notes
Turn   | Place    | Note
-------+----------+-------------------------------------------
     0 | D        | Found the +∞ Axe of Woe
     0 | D        | Ast3rio the Djinni Gladiator began the quest for the Orb.
     0 | D        | Reached XP level 1. HP: 18/18 MP: 0/0
     0 | D        | Noticed a meat berserker
     1 | D        | Noticed a bag of meat
     3 | D        | Noticed a meat berserker
     3 | D        | Became a worshipper of Makhleb the Destroyer
     4 | D        | Noticed a bag of meat
     5 | D        | Killed a meat berserker
     5 | D        | Killed a meat berserker
     5 | D        | Reached * piety under Makhleb
     5 | D        | Noticed a meat berserker
     6 | D        | Reached XP level 2. HP: 38/38 MP: 0/0
     6 | D        | Reached XP level 3. HP: 43/43 MP: 0/0
     6 | D        | Learned a level 1 spell: Freeze
     6 | D        | Reached XP level 4. HP: 49/49 MP: 0/0
     6 | D        | Reached XP level 5. HP: 55/55 MP: 0/0
     6 | D        | Learned a level 2 spell: Passwall
     6 | D        | Reached XP level 6. HP: 61/61 MP: 0/0
     6 | D        | Reached XP level 7. HP: 67/67 MP: 0/0
     6 | D        | Learned a level 2 spell: Call Imp
     6 | D        | Reached XP level 8. HP: 72/72 MP: 0/0
     6 | D        | Reached XP level 9. HP: 77/77 MP: 0/0
     6 | D        | Learned a level 4 spell: Sticky Flame
     6 | D        | Reached XP level 10. HP: 84/84 MP: 0/0
     6 | D        | Reached XP level 11. HP: 89/89 MP: 0/0
     6 | D        | Learned a level 5 spell: Iskenderun's Battlesphere
     6 | D        | Reached XP level 12. HP: 95/95 MP: 0/0
     6 | D        | Reached XP level 13. HP: 101/101 MP: 0/0
     6 | D        | Learned a level 5 spell: Alistair's Intoxication
     7 | D        | Noticed a meat berserker
     8 | D        | Killed a bag of meat
     8 | D        | Killed a meat berserker
     8 | D        | Noticed a bag of meat
     9 | D        | Reached XP level 14. HP: 112/112 MP: 0/0
     9 | D        | Noticed a bag of meat
    10 | D        | Killed a bag of meat
    10 | D        | Reached ** piety under Makhleb
    10 | D        | Noticed a bag of meat
    11 | D        | Reached XP level 15. HP: 118/118 MP: 0/0
    11 | D        | Learned a level 6 spell: Statue Form
    12 | D        | Killed a meat berserker
    13 | D        | Reached skill level 15 in Fighting
    13 | D        | Reached skill level 27 in Dodging
    14 | D        | Noticed a meat berserker
    14 | D        | Noticed a meat berserker
    15 | D        | Reached *** piety under Makhleb
    16 | D        | Reached skill level 1 in Armour
    16 | D        | Reached skill level 1 in Spellcasting
    16 | D        | Reached XP level 16. HP: 116/130 MP: 0/0
    17 | D        | Killed a meat berserker
    18 | D        | Reached skill level 27 in Axes
    19 | D        | Killed a meat berserker
    19 | D        | Reached **** piety under Makhleb
    19 | D        | Noticed a meat berserker
    20 | D        | Reached XP level 17. HP: 148/148 MP: 0/0
    20 | D        | Learned a level 7 spell: Ozocubu's Refrigeration
    20 | D        | Noticed a large bag of meat
    20 | D        | Noticed a meat berserker
    21 | D        | Noticed a meat berserker
    22 | D        | Reached skill level 5 in Armour
    22 | D        | Noticed a meat berserker
    23 | D        | Noticed a large bag of meat
    25 | D        | Killed a meat berserker
    25 | D        | Killed a meat berserker
    26 | D        | Reached skill level 27 in Fighting
    26 | D        | Reached skill level 5 in Spellcasting
    26 | D        | Reached XP level 18. HP: 79/167 MP: 0/0
    26 | D        | Noticed a destroyer
    26 | D        | Killed a meat berserker
    26 | D        | Reached ***** piety under Makhleb
    27 | D        | Killed a meat berserker
    27 | D        | Noticed a meat berserker
    29 | D        | Demolished by a bag of meat

Illustrated notes

Levels and vault maps discovered:
D:        meatsprint

Skill      XL: |  1  2  3  4  5  6  7  8  9 10 11 12 13 14 15 16 17 18 |
---------------+-------------------------------------------------------+-----
Fighting       | 12 14 17 22 27 | 27.0
Axes           | 19 21 22 25 27 | 27.0
Throwing       | 9 11 12 16 21 26 | 26.1
Dodging        | 22 25 26 27 | 27.0
Armour         | 1 4 7 9 |  9.4
Spellcasting   | 1 3 5 7 |  7.0

Action                   |  1- 3 |  4- 6 |  7- 9 | 10-12 | 13-15 | 16-18 || total
-------------------------+-------+-------+-------+-------+-------+-------++-------
Melee: Executioner's axe |     1 |       |       |       |     5 |     7 ||    13
